 Dungeon Crawl Stone Soup version 0.29.1-13-g9f3cf754e1 (webtiles) character file.

Game seed: 11326314380836575318

613 VictoriousLee the Cleaver (level 7, -5/52 HPs)
             Began as a Formicid Fighter on Feb 1, 2023.
             Slain by an ice beast (14 damage)
             ... on level 5 of the Dungeon.
             The game lasted 00:16:46 (5843 turns).

VictoriousLee the Cleaver (Formicid Fighter)        Turns: 5843, Time: 00:16:47

Health: -5/52      AC:  6    Str: 23    XL:     7   Next: 73%
Magic:  7/7        EV:  9    Int:  7    God:
Gold:   172        SH:  5    Dex: 13    Spells: 6/6 levels left

rFire   . . .      SeeInvis +   a - +0 war axe
rCold   . . .      Faith    .   c - +0 buckler
rNeg    + . .      Spirit   .   b - +0 scale mail
rPois   +          Reflect  .   (helmet unavailable)
rElec   .          Harm     .   (no cloak)
rCorr   .          Rampage  .   (no gloves)
Will    .....                   (no boots)
Stlth   ..........              (no amulet)
HPRegen 0.17/turn               p - ring of poison resistance
MPRegen 0.10/turn               y - ring of positive energy

@: no status effects
A: permanent stasis, dig shafts and tunnels, antennae 3, four strong arms
a: Dig, Shaft Self


You were on level 5 of the Dungeon.
You visited 1 branch of the dungeon, and saw 5 of its levels.

You collected 230 gold pieces.
You spent 58 gold pieces at shops.

Inventory:

Hand Weapons
 a - a +0 war axe (weapon)
Missiles
 j - 49 stones
 m - 4 poisoned darts
 w - 3 javelins
Armour
 b - a +0 scale mail (worn)
 c - a +0 buckler (worn)
 v - a +1 leather armour of cold resistance
Magical Staves
 e - a staff of earth
Jewellery
 p - a ring of poison resistance (left hand)
 y - a ring of positive energy (right hand)
 z - a +6 ring of dexterity
 A - a ring of protection from fire
 C - an amulet of magic regeneration
 D - a ring of willpower
Wands
 d - a wand of flame (11)
Scrolls
 g - 3 scrolls of silence {unknown}
 h - 5 scrolls of identify
 i - 2 scrolls of enchant armour {unknown}
 l - a scroll of immolation {unknown}
 r - 2 scrolls of teleportation {unknown}
 s - 3 scrolls of poison {unknown}
 x - a scroll of summoning {unknown}
Potions
 f - a potion of haste {unknown}
 k - a potion of flight {unknown}
 n - a potion of lignification {unknown}
 o - 2 potions of heal wounds {unknown}
 q - 3 potions of curing
 t - a potion of brilliance {unknown}
 u - a potion of ambrosia {unknown}


   Skills:
 - Level 3.2 Fighting
 + Level 8.1 Axes
 - Level 3.2 Armour
 - Level 4.0 Shields


You had 6 spell levels left.
You didn't know any spells.
Your spell library contained the following spells:

 Spells                   Type           Power      Damage    Failure   Level
 Sandblast                Erth           0%         2d4       82%         1
 Passwall                 Tmut/Erth      0%         N/A       91%         2
 Ozocubu's Armour         Ice            0%         N/A       99%         3
 Stone Arrow              Conj/Erth      0%         3d7       99%         3
 Metabolic Englaciation   Hex/Ice        0%         N/A       100%        5
 Simulacrum               Ice/Necr       0%         N/A       100%        6


Dungeon Overview and Level Annotations

Branches:
Dungeon (5/15)
 Temple: D:4-7

Altars:

Shops:
D:2 [!   D:4 *

Annotations:
D:3 1 runed translucent door, Valagong's ghost, amateur MiFi
D:5 Eustachio


Innate Abilities, Weirdness & Mutations

You cannot be hasted, slowed, berserked, paralysed or teleported.
You can dig through walls and to a lower floor.
You have a pair of large antennae on your head. (SInv)
Your four strong arms can wield two-handed weapons with a shield.


Message History

Items here: )) [ รทรท.
Things that are here:
a +0 flail; a +0 spear; a gnoll skeleton You now have 142 gold pieces (gained 12).
Found a stone staircase leading down.
There is a stone staircase leading down here.
j - 49 stones (gained 7)
You now have 153 gold pieces (gained 11).
You now have 172 gold pieces (gained 19).
An ice beast comes into view.
The ice beast hits you. The ice beast freezes you!
You barely miss the ice beast. The ice beast hits you.
The ice beast freezes you! The ice beast attacks as you move away!
The ice beast hits you but does no damage.
You slash the ice beast!
The ice beast is heavily wounded.
The ice beast hits you but does no damage.
You closely miss the ice beast.
The ice beast is heavily wounded.
The ice beast barely misses you. The ice beast hits you.
The ice beast freezes you!
* * * LOW HITPOINT WARNING * * *
The ice beast attacks as you move away! The ice beast closely misses you.
You closely miss the ice beast.
The ice beast is heavily wounded.
The ice beast completely misses you.
You hit the ice beast.
The ice beast is heavily wounded.
The ice beast closely misses you.
You closely miss the ice beast.
The ice beast is heavily wounded.
The ice beast barely misses you.
You hit the ice beast.
The ice beast is severely wounded.
The ice beast misses you. The ice beast attacks as you move away!
The ice beast hits you.
* * * LOW HITPOINT WARNING * * *
The ice beast freezes you!
You die...

............................
............................
##########.#########.##.###
#.# ##......# #.# #....####
#.# #....####.# ######.####
#.........#
#....)....###...#########
#...........@Y........... #
#.........#..##.######### .
........................#
#...
###############.....#####.#
#... .....
#.....#.#....[.#.# #... .#
.......#.#.####.#.# #.#. .#
...#.#.#........#.# #.#. .#
.. #.#.###.######.# #.#. )#
# .. #.# #.####.#.


You could see an ice beast.

Vanquished Creatures
  Blork the orc (D:5)
  A necrophage (D:4)
  A gnoll sergeant (D:5)
  2 scorpions
  A jelly (D:5)
  An orc priest (D:3)
  An iguana (D:5)
  Ijyb (D:3)
  9 gnolls
  3 adders (D:2)
  A worm (D:2)
  4 dart slugs
  8 orcs
  8 ball pythons
  2 bats
  4 endoplasms
  2 giant cockroaches
  3 goblins
  7 hobgoblins
  3 jackals (D:2)
  7 kobolds
  6 quokkas
  9 rats
85 creatures vanquished.

Vanquished Creatures (others)
  2 withered plants (D:3)
2 creatures vanquished.

Grand Total: 87 creatures vanquished

Notes
Turn   | Place    | Note
-------+----------+-------------------------------------------
     0 | D:1      | VictoriousLee the Formicid Fighter began the quest for the
                  | Orb.
     0 | D:1      | Reached XP level 1. HP: 18/18 MP: 1/1
   335 | D:1      | Reached XP level 2. HP: 21/24 MP: 2/2
   443 | D:1      | Reached skill level 3 in Axes
   637 | D:1      | Reached XP level 3. HP: 29/29 MP: 3/3
  1258 | D:2      | Reached skill level 4 in Axes
  1258 | D:2      | Reached XP level 4. HP: 24/35 MP: 4/4
  1491 | D:2      | Found Piecul's Magic Scroll Shoppe.
  1497 | D:2      | Found Onge's Antique Armour Emporium.
  1605 | D:2      | Found Vatomebb's Distillery.
  1619 | D:2      | Bought a potion of curing for 30 gold pieces
  1756 | D:2      | Found a faded altar of an unknown god.
  2277 | D:3      | Found a runed translucent door.
  2277 | D:3      | Noticed Valagong's ghost (amateur MiFi)
  2871 | D:3      | Reached skill level 5 in Axes
  2871 | D:3      | Reached XP level 5. HP: 13/41 MP: 5/5
  3136 | D:3      | Noticed Ijyb
  3151 | D:3      | Killed Ijyb
  3717 | D:4      | Reached XP level 6. HP: 19/47 MP: 6/6
  3946 | D:4      | Reached skill level 6 in Axes
  4198 | D:4      | Found Mezaiwk's General Store.
  4207 | D:4      | Bought a scroll of identify for 28 gold pieces
  4451 | D:5      | Entered Level 5 of the Dungeon
  4543 | D:5      | Reached skill level 7 in Axes
  4543 | D:5      | Reached XP level 7. HP: 40/52 MP: 7/7
  4669 | D:5      | Noticed Blork the orc
  4678 | D:5      | Killed Blork the orc
  4911 | D:5      | Noticed Eustachio
  5462 | D:5      | Reached skill level 8 in Axes
  5843 | D:5      | Slain by an ice beast

Illustrated notes

Levels and vault maps discovered:
D:1:      saegor_arrival_under_anarchy, layout_loops_ring
D:2:      layout_rooms, serial_shops, nicolae_shop_waterfront, shop, shop,
          dreamdust_ecumenical_altar_angels_and_demons
D:3:      layout_rooms, gammafunk_ghost_grave, kennysheep_donut, uniq_ijyb
D:4:      layout_loops_ring, serial_shops, shop
D:5:      layout_basic, cheibrodos_sewer_entry_bend, nicolae_titane,
          uniq_eustachio, uniq_blork_the_orc

Skill      XL: |  1  2  3  4  5  6  7 |
---------------+----------------------+-----
Axes           | 3 4 5 7 8 |  8.1
Fighting       | |  3.2
Armour         | |  3.2
Shields        | |  4.0

Action                   |  1- 3 |  4- 6 |  7- 9 || total
-------------------------+-------+-------+-------++-------
Melee: War axe           |    94 |   131 |    40 ||   265
 Abil: Dig               |       |     1 |       ||     1
  Use: Potion            |       |     1 |     1 ||     2
Armor: Scale mail        |    36 |    37 |     7 ||    80
Dodge: Dodged            |    39 |    48 |    16 ||   103
Block: Buckler           |    17 |    24 |     9 ||    50
